 Dungeon Crawl Stone Soup version 0.22-a0-231-g1b571ea (webtiles) character file.

98 Azzok the Skirmisher (level 4, -1/30 HPs)
             Began as a Deep Elf Fighter on Feb 20, 2018.
             Was an Initiate of Okawaru.
             Slain by an orc
             ... wielding a +0 short sword
              (4 damage)
             ... on level 3 of the Dungeon.
             The game lasted 00:03:18 (2566 turns).

Azzok the Skirmisher (Deep Elf Fighter)             Turns: 2566, Time: 00:03:19

Health: -1/30      AC:  6    Str: 13    XL:     4   Next: 44%
Magic:  6/6        EV:  8    Int: 14    God:    Okawaru [......]
Gold:   50         SH:  0    Dex: 14    Spells: 3/3 levels left

rFire    . . .     SeeInvis .   n - +2 dagger (speed)
rCold    . . .     Gourm    .   (no shield)
rNeg     . . .     Faith    .   b - +0 scale mail
rPois    .         Spirit   .   (no helmet)
rElec    .         Reflect  .   (no cloak)
rCorr    .         Harm     .   (no gloves)
MR       .....                  (no boots)
Stlth    ..........             (no amulet)
HPRegen  0.10/turn              (no ring)
MPRegen  0.10/turn              (no ring)

@: no status effects
A: no striking features
a: Renounce Religion


You were on level 3 of the Dungeon.
You worshipped Okawaru.
Okawaru was noncommittal.
You were not hungry.

You visited 1 branch of the dungeon, and saw 3 of its levels.

You collected 50 gold pieces.

Inventory:

Hand Weapons
 n - a +2 dagger of speed (weapon)
Missiles
 l - 38 arrows
Armour
 b - a +0 scale mail (worn)
 c - a +0 shield
Scrolls
 e - 3 scrolls of identify {unknown}
 h - 2 scrolls of enchant weapon {unknown}
 i - 2 scrolls of remove curse {unknown}
 k - a scroll of magic mapping {unknown}
Potions
 a - 2 potions of lignification {unknown}
 d - a potion of might
 j - a potion of invisibility {unknown}
 m - a potion of ambrosia {unknown}
Comestibles
 f - 4 rations


   Skills:
 + Level 4.4 Fighting
 - Level 2.0 Short Blades
 - Level 2.4 Armour
 - Level 2.4 Shields


You had 3 spell levels left.
You didn't know any spells.

Dungeon Overview and Level Annotations

Branches:
Dungeon (3/15)

Altars:
Cheibriados
Fedhas
Hepliaklqana
Makhleb
Nemelex Xobeh
Okawaru
Qazlal
Trog
Wu Jian
Xom


Message History

The orc hits you but does no damage.
You hit the orc but do no damage.
The orc is heavily wounded.
The orc hits you but does no damage.
You barely miss the orc.
The orc is heavily wounded.
You hit the orc but do no damage.
The orc is heavily wounded.
The orc hits you with a short sword.
* * * LOW HITPOINT WARNING * * *
You hit the orc but do no damage.
The orc is heavily wounded.
You hit the orc but do no damage.
The orc is heavily wounded.
The orc hits you with a short sword.
* * * LOW HITPOINT WARNING * * *
You barely miss the orc.
The orc is heavily wounded.
The orc hits you with a short sword.
You die...

▒▒▒▒ ·····
▒▒▒▒▒▒▒▒▒▒▒▒·····$
·······Ko·s'······
▒▒▒▒▒▒o▒▒▒▒······
▒@▒ ··o·· ▒·▒ ····
▒·▒ ··· ▒·▒ ·· ▒·▒
· ▒·▒ ▒·▒ ▒·▒ ▒
▒·▒


You could see 2 orcs and a kobold.

Vanquished Creatures
  An orc wizard (D:3)
  2 adders (D:2)
  An ooze (D:2)
  2 worms (D:2)
  A dart slug (D:1)
  A leopard gecko (D:2)
  3 orcs
  A giant cockroach (D:1)
  4 goblins
  6 hobgoblins
  A ball python (D:1)
  5 bats
  A frilled lizard (D:2)
  8 kobolds
  3 rats
40 creatures vanquished.

Notes
Turn   | Place    | Note
-------+----------+-------------------------------------------
     0 | D:1      | Azzok the Deep Elf Fighter began the quest for the Orb.
     0 | D:1      | Reached XP level 1. HP: 13/13 MP: 3/3
   305 | D:1      | Reached skill level 3 in Fighting
   305 | D:1      | Reached XP level 2. HP: 17/19 MP: 4/4
  1035 | D:2      | Reached XP level 3. HP: 12/23 MP: 5/5
  1712 | D:2      | Found a blossoming altar of Fedhas.
  2104 | D:2      | Found a sparkling altar of Nemelex Xobeh.
  2225 | D:2      | Found a shimmering altar of Xom.
  2227 | D:2      | Found a sparkling altar of Nemelex Xobeh.
  2231 | D:2      | Found an iron altar of Okawaru.
  2231 | D:2      | Found a hazy altar of Hepliaklqana.
  2231 | D:2      | Found a snail-covered altar of Cheibriados.
  2231 | D:2      | Found a stormy altar of Qazlal.
  2232 | D:2      | Found a bloodstained altar of Trog.
  2233 | D:2      | Found an ornate altar of the Wu Jian Council.
  2234 | D:2      | Found a burning altar of Makhleb.
  2239 | D:2      | Became a worshipper of Warmaster Okawaru
  2308 | D:2      | Reached skill level 4 in Fighting
  2512 | D:3      | Reached XP level 4. HP: 25/29 MP: 6/6
  2566 | D:3      | Slain by an orc

Vault maps used:
D:1:      mushboom_english_gardens
D:2:      minitemple, fedhas_altar_3, nemelex_dance_club_becter

Skill      XL: |  1  2  3 |
---------------+----------+-----
Fighting       | 3 4 |  4.4
Short Blades   | |  2.0
Armour         | |  2.4
Shields        | |  2.4

Action                   |  1- 3 |  4- 6 || total
-------------------------+-------+-------++-------
Melee: Rapier            |    48 |       ||    48
       Dagger            |   128 |    50 ||   178
  Eat: Chunk             |     5 |       ||     5
Armor: Scale mail        |    71 |    11 ||    82
Dodge: Dodged            |    68 |     8 ||    76

Table legend:
 A = Spawn XP
 B = Non-spawn XP
 C = Spawn XP percentage of total XP
 D = Spawn monster count
 E = Non-spawn monster count
 F = Spawn count percentage of total count
 G = Total turns spent on level
                    A         B        C        D         E        F      G
               +---------+---------+-------+---------+---------+-------+---------
         Total |       0 |     141 |   0.0 |       0 |      40 |   0.0 |  2566
               +---------+---------+-------+---------+---------+-------+---------
           D:1 |       0 |      23 |   0.0 |       0 |      14 |   0.0 |   875
           D:2 |       0 |      73 |   0.0 |       0 |      23 |   0.0 |  1579
           D:3 |       0 |      45 |   0.0 |       0 |       3 |   0.0 |   112
               +---------+---------+-------+---------+---------+-------+---------
